 Dungeon Crawl Stone Soup version 0.22-a0-447-gee5f7238b3 (webtiles) character file.

117 Kriby the Poker (level 5, 0/38 HPs)
             Began as a Merfolk Skald on June 3, 2018.
             Slain by a quokka (3 damage)
             ... on level 2 of the Dungeon.
             The game lasted 00:02:38 (2289 turns).

Kriby the Poker (Merfolk Skald)                     Turns: 2289, Time: 00:02:38

Health: 0/38       AC:  3    Str: 12    XL:     5   Next: 1%
Magic:  8/8        EV: 11    Int: 18    God:
Gold:   42         SH:  3    Dex: 11    Spells: 7/8 levels left

rFire    . . .     SeeInvis .   a - +0 spear
rCold    . . .     Gourm    .   i - +0 buckler
rNeg     . . .     Faith    .   n - -2 ring mail (curse)
rPois    .         Spirit   .   (no helmet)
rElec    .         Reflect  .   (no cloak)
rCorr    .         Harm     .   (no gloves)
MR       +....                  (no boots)
Stlth    +.........             (no amulet)
HPRegen  0.12/turn              (no ring)
MPRegen  0.11/turn              (no ring)

@: brilliant
A: change form in water, swift swim, stealthy swim, clumsy 1, magic resistance 1
a: no special abilities


You were on level 2 of the Dungeon.
You were hungry.

You visited 1 branch of the dungeon, and saw 3 of its levels.

You collected 42 gold pieces.

Inventory:

Hand Weapons
 a - a +0 spear (weapon)
Armour
 b - a +0 leather armour
 i - a +0 buckler (worn)
 n - a cursed -2 ring mail (worn)
Jewellery
 k - an uncursed amulet of guardian spirit
Scrolls
 f - a scroll of teleportation {@r3}
 g - a scroll of enchant armour
 p - a scroll of remove curse {unknown}
Potions
 j - a potion of curing {unknown}
 l - a potion of haste {unknown}
 m - a potion of heal wounds {unknown}
 o - a potion of degeneration {unknown}
Comestibles
 c - 8 chunks of flesh
 d - 3 rations {@e1}


   Skills:
 - Level 2.1 Fighting
 * Level 5.8 Polearms
 - Level 0.6 Armour
 + Level 4.1 Dodging
 + Level 1.4 Shields
 - Level 2.0 Spellcasting
 - Level 3.2 Charms


You had 7 spell levels left.
You knew the following spells:

 Your Spells              Type           Power        Failure   Level  Hunger
a - Infusion              Chrm           ###.         1%          1    #......

Your spell library contained the following spells:

 Spells                   Type           Power        Failure   Level  Hunger
 Regeneration             Chrm/Necr      ###.......   10%         3    ###....
 Shroud of Golubria       Chrm/Tloc      ###.......   5%          2    ###....
 Song of Slaying          Chrm           ###.....     2%          2    ###....
 Spectral Weapon          Hex/Chrm       ###.....     10%         3    ###....


Dungeon Overview and Level Annotations

Branches:
Dungeon (3/15)

Altars:
Dithmenos
Nemelex Xobeh

Annotations:
D:3 Kriby's ghost, amateur MfSk


Innate Abilities, Weirdness & Mutations

You revert to your normal form in water.
You are very nimble and swift while swimming.
You are very stealthy in the water. (Stealth+)
You are clumsy. (Dex -2)
You are resistant to hostile enchantments. (MR+)


Message History

* * * LOW HITPOINT WARNING * * *
You hit the quokka but do no damage. The quokka bites you.
* * * LOW HITPOINT WARNING * * *
You are no longer corroded.
The quokka closely misses you.
There is a stone staircase leading up here.
You are feeling hungry.
You block the quokka's attack. The quokka bites you.
* * * LOW HITPOINT WARNING * * *
You climb upwards.
There is a stone staircase leading down here.
It was a potion of mutation.
You feel extremely strange.
You feel clumsy.
You feel resistant to hostile enchantments.
The quokka bites you.
* * * LOW HITPOINT WARNING * * *
It was a potion of brilliance.
You feel clever all of a sudden. The quokka bites you.
You die...

#........# #########
#.#...##.# #####
#.#...##.# #...#
#.#....#.###########
#...#
#.#................#
....#
#.#.##.#.#########'###
....# #.#..#...#
#......# ....#
###.##.##r.# #....(.#
....# #.........@#
#......# ..###
#.#....##### #......#
..# #.#.......#
#......# .##
#.#.#####.# #......#
.# #.#.#
#.#######......# )#
#.#.# #.#..........###
(# #.#.#
#.#.########## (#
#.#.# #.#.#
.######.#.#####.#.#


You could see a quokka.

Vanquished Creatures
  A jelly (D:3)
  A gnoll (D:1)
  2 adders (D:2)
  2 worms
  2 dart slugs (D:1)
  An orc (D:3)
  6 bats
  3 giant cockroaches
  9 goblins
  7 hobgoblins
  2 jackals (D:2)
  A kobold (D:1)
  4 frilled lizards
  4 rats
45 creatures vanquished.

Vanquished Creatures (others)
  4 toadstools (D:1)
4 creatures vanquished.

Grand Total: 49 creatures vanquished

Notes
Turn   | Place    | Note
-------+----------+-------------------------------------------
     0 | D:1      | Kriby the Merfolk Skald began the quest for the Orb.
     0 | D:1      | Reached XP level 1. HP: 16/16 MP: 3/3
    42 | D:1      | Reached skill level 4 in Polearms
    42 | D:1      | Reached XP level 2. HP: 10/22 MP: 5/5
   340 | D:1      | Reached XP level 3. HP: 27/27 MP: 6/6
   988 | D:2      | Found a shadowy altar of Dithmenos.
   988 | D:2      | Found a sparkling altar of Nemelex Xobeh.
  1146 | D:2      | Reached skill level 5 in Polearms
  1150 | D:2      | Reached XP level 4. HP: 30/33 MP: 7/7
  1503 | D:2      | Reached skill level 1 in Shields
  2209 | D:3      | Noticed Kriby's ghost (amateur MfSk)
  2274 | D:3      | Reached XP level 5. HP: 14/38 MP: 8/8
  2288 | D:2      | Gained mutation: You are clumsy. (Dex -2) [potion of mutation]
  2288 | D:2      | Gained mutation: You are resistant to hostile enchantments. (MR+) [potion of mutation]
  2289 | D:2      | Slain by a quokka

Vault maps used:
D:1:      ldierk_water_garden
D:2:      chequers_temple_overflow_statue_of_worship

Skill      XL: |  1  2  3  4 |
---------------+-------------+-----
Polearms       | 4 5 |  5.8
Dodging        | 3 4 |  4.1
Shields        | 1 |  1.4
Fighting       | |  2.1
Armour         | |  0.6
Spellcasting   | |  2.0
Charms         | |  3.2

Action                   |  1- 3 |  4- 6 || total
-------------------------+-------+-------++-------
Melee: Spear             |   114 |    89 ||   203
  Use: Potion            |     1 |     2 ||     3
       Scroll            |       |     3 ||     3
  Eat: Chunk             |     1 |     3 ||     4
Armor: Leather armour    |    22 |     1 ||    23
       Ring mail         |       |     7 ||     7
Dodge: Dodged            |    39 |    23 ||    62
Block: Buckler           |     9 |    11 ||    20

Table legend:
 A = Spawn XP
 B = Non-spawn XP
 C = Spawn XP percentage of total XP
 D = Spawn monster count
 E = Non-spawn monster count
 F = Spawn count percentage of total count
 G = Total turns spent on level
                    A         B        C        D         E        F      G
               +---------+---------+-------+---------+---------+-------+---------
         Total |       0 |     168 |   0.0 |       0 |      45 |   0.0 |  2289
               +---------+---------+-------+---------+---------+-------+---------
           D:1 |       0 |      52 |   0.0 |       0 |      20 |   0.0 |   758
           D:2 |       0 |      62 |   0.0 |       0 |      20 |   0.0 |  1333
           D:3 |       0 |      54 |   0.0 |       0 |       5 |   0.0 |   198
               +---------+---------+-------+---------+---------+-------+---------
